 Dungeon Crawl Stone Soup version 0.28.0-53-g5a82cb258f (webtiles) character file.

Game seed: 661311054252568033

49 cbfl8 the Chopper (level 3, 0/49 HPs)
             Began as a Minotaur Berserker on July 25, 2022.
             Was a Believer of Trog.
             Slain by Sigmund
             ... wielding a +0 scythe
              (6 damage)
             ... on level 2 of the Dungeon.
             The game lasted 00:01:16 (1832 turns).

cbfl8 the Chopper (Minotaur Berserker)              Turns: 1832, Time: 00:01:16

Health: 0/49       AC:  3    Str: 21    XL:     3   Next: 53%
Magic:  2/2        EV: 12    Int:  4    God:    Trog [**....]
Gold:   42         SH:  0    Dex: 11    Spells: 2/2 levels left

rFire   . . .      SeeInvis .   j - +0 battleaxe
rCold   . . .      Faith    .   (shield currently unavailable)
rNeg    . . .      Spirit   .   k - +0 leather armour
rPois   .          Reflect  .   (helmet restricted)
rElec   .          Harm     .   (no cloak)
rCorr   .          Rampage  .   (no gloves)
Will    .....                   (no boots)
Stlth   ..........              (no amulet)
HPRegen 0.16/turn               (no ring)
MPRegen 0.08/turn               (no ring)

@: berserking, very quick
A: horns 2, retaliatory headbutt
a: Renounce Religion, Berserk, Trog's Hand


You were on level 2 of the Dungeon.
You worshipped Trog.
Trog was pleased with you.
You visited 1 branch of the dungeon, and saw 2 of its levels.

You collected 42 gold pieces.

Inventory:

Hand Weapons
 a - a +0 hand axe
 j - a +0 battleaxe (weapon)
Armour
 b - a +0 animal skin
 k - a +0 leather armour (worn)
Jewellery
 m - a +6 ring of strength
 p - a +4 ring of slaying
Scrolls
 c - 3 scrolls of amnesia {unknown}
 d - a scroll of fog {unknown}
 l - a scroll of blinking {unknown}
 n - a scroll of identify {unknown}
 o - a scroll of enchant weapon {unknown}
Potions
 e - a potion of mutation {unknown}
 f - 3 potions of might {unknown}
 g - a potion of curing {unknown}
 h - a potion of flight {unknown}
 i - a potion of invisibility {unknown}


   Skills:
 * Level 4.3 Fighting
 + Level 4.5 Axes
 + Level 2.6 Armour
 * Level 2.7 Dodging
 * Level 0.1 Stealth


You had 2 spell levels left.
You didn't know any spells.
Your spell library was empty.

Dungeon Overview and Level Annotations

Branches:
Dungeon (2/15)

Altars:
Elyvilon

Annotations:
D:2 Sigmund


Innate Abilities, Weirdness & Mutations

You have a pair of horns on your head.
You reflexively headbutt those who attack you in melee.


Message History

The endoplasm barely misses you.
An endoplasm is nearby!
You barely miss the endoplasm. The endoplasm barely misses you.
The endoplasm closely misses you. You furiously retaliate!
You headbutt the endoplasm.
An endoplasm is nearby!
You hit the endoplasm. You headbutt the endoplasm.
You kill the endoplasm!
Trog accepts your kill.
Sigmund and a kobold come into view.
The kobold shouts!
Sigmund casts a spell.
Sigmund flickers and vanishes!
Deactivating autopickup; reactivate with Ctrl-A.
A kobold is nearby!
Something barely misses you.
A kobold is nearby!
You slash the kobold!
You kill the kobold!
Trog accepts your kill. Something hits you.
There is a strange disturbance nearby!
No target in view!
No target in view!
No target in view!
Something hits you.
You see here a +0 dagger.
You closely miss something. You headbutt something!
Something barely misses you.
You miss something. Your headbutt misses something.
Something hits you but does no damage.
You miss something. Your headbutt misses something. Something hits you!
You barely miss something. Your headbutt misses something. Something hits you!
* * * LOW HITPOINT WARNING * * *
A red film seems to cover your vision as you go berserk!
You feel yourself moving faster!
You feel mighty!
You closely miss something. Your headbutt misses something. Something hits you!
* * * LOW HITPOINT WARNING * * *
You barely miss something. Your headbutt misses something. Something hits you.
You die...

##########
##........###
########...........#
............####...#
#.#.###....## #...#
#.#.# #...## #@..#
#.#.# ##..# #.{.# #.#.#
#..# #...#
#.#.####..######.....
#.#...................
#.#.###.........###...#
#.#.# ######...# ...#
#.# ..## ...# ... .#


There were no monsters in sight!

Vanquished Creatures
  A worm (D:2)
  2 dart slugs (D:1)
  5 ball pythons
  2 bats
  5 endoplasms
  4 giant cockroaches
  4 goblins
  4 hobgoblins
  3 quokkas (D:1)
  A frilled lizard (D:1)
  A kobold (D:2)
  6 rats
38 creatures vanquished.

Notes
Turn   | Place    | Note
-------+----------+-------------------------------------------
     0 | D:1      | cbfl8 the Minotaur Berserker began the quest for the Orb.
     0 | D:1      | Reached XP level 1. HP: 19/19 MP: 0/0
   314 | D:1      | Reached XP level 2. HP: 27/27 MP: 1/1
   917 | D:1      | Reached XP level 3. HP: 33/33 MP: 2/2
  1471 | D:2      | Found a white marble altar of Elyvilon.
  1534 | D:2      | Found a faded altar of an unknown god.
  1633 | D:2      | Reached ** piety under Trog
  1821 | D:2      | Noticed Sigmund
  1832 | D:2      | Slain by Sigmund

Illustrated notes

Levels and vault maps discovered:
D:1:      dpeg_cavernosity, layout_basic
D:2:      layout_loops_ring, basic_altar, shapermc_ecumenical_altar_mp_vishouse,
          minivault_19, hangedman_decor_growths, uniq_sigmund

Skill      XL: |  1  2 |
---------------+-------+-----
Axes           | 4 |  4.5
Fighting       | 4 |  4.3
Armour         | |  2.6
Dodging        | |  2.7
Stealth        | |  0.1

Action                   || total
-------------------------++-------
Melee: Hand axe          ||    33
       Headbutt          ||    14
       Battleaxe         ||    30
Invok: Berserk           ||     1
Armor: Animal skin       ||     6
       Leather armour    ||     7
Dodge: Dodged            ||    41
